 Dungeon Crawl Stone Soup version 0.29-a0-22-gbf593b16ee (webtiles) character file.

Game seed: 16961946200566088922

102 pokeman the Magician (level 4, -2/25 HPs)
             Began as a Deep Elf Hedge Wizard on Jan 29, 2022.
             Slain by a gnoll (9 damage)
             ... on level 3 of the Dungeon.
             The game lasted 00:05:41 (3601 turns).

pokeman the Magician (Deep Elf Hedge Wizard)        Turns: 3601, Time: 00:05:42

Health: -2/25      AC:  3    Str:  7    XL:     4   Next: 49%
Magic:  1/13       EV: 12    Int: 21    God:
Gold:   51         SH:  0    Dex: 14    Spells: 3/14 levels left

rFire   . . .      SeeInvis .   i - +0 whip (vamp)
rCold   . . .      Faith    .   (no shield)
rNeg    . . .      Spirit   .   h - +0 leather armour
rPois   .          Reflect  .   c - +0 hat
rElec   .          Harm     .   (no cloak)
rCorr   .          Rampage  .   (no gloves)
Will    .....                   (no boots)
Stlth   ++........              (no amulet)
HPRegen 0.08/turn               (no ring)
MPRegen 0.13/turn               (no ring)

@: very slightly contaminated
A: no striking features
a: no special abilities


You were on level 3 of the Dungeon.
You visited 1 branch of the dungeon, and saw 3 of its levels.

You collected 51 gold pieces.

Inventory:

Hand Weapons
 i - a +0 vampiric whip (weapon)
Missiles
 a - 41 bolts
Armour
 c - a +0 hat (worn)
 h - a +0 leather armour (worn)
Scrolls
 b - 2 scrolls of enchant armour {unknown}
 d - 2 scrolls of identify {unknown}
 f - a scroll of teleportation {unknown}
 g - a scroll of vulnerability {unknown}
 k - a scroll of blinking {unknown}
 l - a scroll of magic mapping {unknown}
 m - a scroll of enchant weapon {unknown}
Potions
 e - a potion of heal wounds {unknown}
 j - a potion of attraction {unknown}


   Skills:
 - Level 1.0 Fighting
 - Level 1.0 Armour
 + Level 2.8 Dodging
 - Level 2.4 Stealth
 * Level 5.7 Spellcasting
 + Level 2.3 Conjurations
 - Level 1.1 Summonings
 - Level 1.1 Translocations
 + Level 1.0 Fire Magic


You had 3 spell levels left.
You knew the following spells:

 Your Spells              Type           Power      Damage    Failure   Level
a - Magic Dart            Conj           60%        1d6       6%          1
b - Mephitic Cloud        Conj/Pois/Air  9%         N/A       32%         3
c - Call Imp              Summ           10%        N/A       14%         2
d - Blink                 Tloc           20%        N/A       14%         2
e - Conjure Flame         Conj/Fire      12%        6-21      22%         3

Your spell library contained the following spells:

 Spells                   Type           Power      Damage    Failure   Level
 Slow                     Hex            24%        N/A       14%         1
 Summon Guardian Golem    Hex/Summ       8%         N/A       34%         3
 Orb of Destruction       Conj           7%         9d6       100%        7
 Spellforged Servitor     Conj/Summ      6%         N/A       100%        7


Dungeon Overview and Level Annotations

Branches:
Dungeon (3/15)

Altars:

Annotations:
D:3 1 runed translucent door, Crazy Yiuf


Message History

Your shadow imp hits the orc but does no damage.
The orc closely misses your shadow imp.
Your shadow imp barely misses the orc.
The orc hits your shadow imp but does no damage.
What are your orders? t - Shout!
Orders for allies: a - Attack new target. r - Retreat! s - Stop attacking. g - Guard the area. f - Follow me.
Anything else - Cancel.
Gang up on whom?
Press: ? - help, Dir - move target, f - dart slug
Aim: a dart slug (moderately wounded) Attack!
Your shadow imp closely misses the orc.
The orc hits your shadow imp with a +0 whip.
Unknown command.
The quokka twitches its whiskers.
The orc hits your shadow imp with a +0 whip.
Your shadow imp dies!
Your shadow imp disappears in a puff of smoke!
Unknown command.
Casting: Call Imp (safe; 14% risk of failure)
Confirm with . or Enter, or press ? or * to list all spells.
You miscast Call Imp.
You are very lightly contaminated with residual magic.
Nothing appears to happen.
The orc shouts!
Casting: Call Imp (safe; 14% risk of failure)
Confirm with . or Enter, or press ? or * to list all spells.
A beastly little devil appears in a puff of frigid air.
The orc hits you with a +0 whip. The gnoll closely misses you.
Unknown command.
Your white imp barely misses the orc.
The gnoll hits you from afar with a +0 halberd.
* * * LOW HITPOINT WARNING * * *
The orc barely misses you.
Your white imp closely misses the orc.
You hit the orc.
You kill the orc!
The gnoll hits you from afar with a +0 halberd!
You die...

.#####..†..#
##.###...#.#
..)r......##
#.....#...#
######)#...#
####.##.###
#.<##.g# #
#.#...## ..!#
#w.# .##
#.#.#.†# ..##
##J# ..#
#...##.### ###
#g###.#
###..###...#
#.)5#.###....#
###.#
##.@..##..##.#
#..
######..##.###.#
##. #..........#
#.# ##
#...†....### #.#
## #.........#
#.# #.
###......... >#
#. #..###......
.. #P #.#
..##.#... #. #.
#.## .#.#. ##


You could see a gnoll, a dart slug, an endoplasm and a friendly white imp
(summoned).

Vanquished Creatures
  An adder (D:2)
  2 gnolls (D:3)
  2 worms (D:2)
  4 dart slugs (D:1)
  An orc (D:3)
  7 endoplasms
  5 giant cockroaches
  3 goblins
  3 hobgoblins
  4 jackals (D:2)
  5 kobolds
  5 quokkas (D:1)
  3 ball pythons
  3 bats (D:1)
  3 frilled lizards (D:1)
  5 rats
56 creatures vanquished.

Vanquished Creatures (others)
  45 plants (D:3)
45 creatures vanquished.

Grand Total: 101 creatures vanquished

Notes
Turn   | Place    | Note
-------+----------+-------------------------------------------
     0 | D:1      | pokeman the Deep Elf Hedge Wizard began the quest for the
                  | Orb.
     0 | D:1      | Reached XP level 1. HP: 10/10 MP: 7/7
   343 | D:1      | Reached XP level 2. HP: 13/16 MP: 3/9
   895 | D:1      | Reached skill level 5 in Spellcasting
  1014 | D:1      | Reached XP level 3. HP: 20/20 MP: 5/11
  1023 | D:1      | Learned a level 3 spell: Mephitic Cloud
  1027 | D:1      | Learned a level 2 spell: Call Imp
  1030 | D:1      | Learned a level 2 spell: Blink
  1034 | D:1      | Learned a level 3 spell: Conjure Flame
  1775 | D:2      | HP: 1/20 [poisoned by an adder]
  2203 | D:2      | Reached skill level 1 in Armour
  2308 | D:2      | Reached skill level 1 in Fighting
  2822 | D:2      | Reached XP level 4. HP: 25/25 MP: 3/13
  3249 | D:3      | Found a faded altar of an unknown god.
  3436 | D:3      | Found a runed translucent door.
  3437 | D:3      | Noticed Crazy Yiuf
  3575 | D:3      | Reached skill level 1 in Fire Magic
  3601 | D:3      | Slain by a gnoll

Illustrated notes

Levels and vault maps discovered:
D:1:      saegor_arrival_simple_a, layout_loops_ring
D:2:      layout_basic
D:3:      layout_rooms, worldfamousw_hep_ancestral_shrine,
          shapermc_ecumenical_altar_flowoftime, serial_bayou_lagoon_a,
          uniq_crazy_yiuf_cottage

Skill      XL: |  1  2  3  4 |
---------------+-------------+-----
Spellcasting   | 5 |  5.7
Conjurations   | 2 |  2.3
Armour         | 1 |  1.0
Fighting       | 1 |  1.0
Fire Magic     | 1 |  1.0
Dodging        | |  2.8
Stealth        | |  2.4
Summonings     | |  1.1
Translocations | |  1.1

Action                   |  1- 3 |  4- 6 || total
-------------------------+-------+-------++-------
Melee: Dagger            |    11 |       ||    11
       Whip              |    25 |    14 ||    39
       Punch             |     1 |       ||     1
 Cast: Magic Dart        |   130 |    27 ||   157
       Mephitic Cloud    |     1 |     1 ||     2
       Call Imp          |       |     2 ||     2
 Stab: Confused          |     1 |     1 ||     2
Armor: Leather armour    |     8 |     3 ||    11
Dodge: Dodged            |    51 |    19 ||    70

Table legend: (Time is in decaauts)
 A = Elapsed time spent in this place.
 B = Non-inter-level travel time spent in this place.
 C = Inter-level travel time spent in this place.
 D = Time resting spent in this place.
 E = Time spent auto-exploring this place.
 F = Levels seen in this place.
 G = Mean time per level.
                   A        B        C        D        E       F      G
               +--------+--------+--------+--------+--------+-----+--------+
         Total |   3604 |   3494 |    110 |      0 |   3082 |   3 | 1201.3 |
       Dungeon |   3604 |   3494 |    110 |      0 |   3082 |   3 | 1201.3 |
               +--------+--------+--------+--------+--------+-----+--------+

Top non-repeatable levels by time:
     D:2: 1725 daAuts
     D:1: 1492 daAuts
     D:3: 387 daAuts
